 Dungeon Crawl Stone Soup version 0.30-a0-782-ge64f9170bb (webtiles) character file.

Game seed: 13752607268219900866

483 sanka the Shooter (level 6, -6/53 HPs)
             Began as a Demigod Hunter on Feb 25, 2023.
             Mangled by an orc warrior
             ... wielding a +0 scimitar
              (13 damage)
             ... on level 4 of the Dungeon.
             The game lasted 00:05:04 (3654 turns).

sanka the Shooter (Demigod Hunter)                  Turns: 3654, Time: 00:05:05

Health: -6/53      AC:  4    Str: 12    XL:     6   Next: 56%
Magic:  8/8        EV: 12    Int: 11    God:
Gold:   208        SH:  0    Dex: 25    Spells: 2/5 levels left

rFire   . . .      SeeInvis .    a - +0 shortbow
rCold   . . .      Faith    .    (shield currently unavailable)
rNeg    . . .      Spirit   .    c - +0 leather armour
rPois   .          Reflect  .    (no helmet)
rElec   .          Harm     .    (no cloak)
rCorr   +          Rampage  .    (no gloves)
Will    .....                    f - +0 pair of boots
Stlth   ++                       (no amulet)
HPRegen 0.28/turn                s - ring of flight
MPRegen 0.11/turn                q - ring of resist corrosion

@: flying
A: high MP 1, forlorn, divine attributes
a: no special abilities


You were on level 4 of the Dungeon.
You visited 1 branch of the dungeon, and saw 5 of its levels.

You collected 208 gold pieces.


Innate Abilities, Weirdness & Mutations

You have an increased reservoir of magic. (+10% MP)
You shall have no god before yourself.
Your divine heritage dramatically boosts your attributes as you level up.


   Skills:
 + Level 4.6 Fighting
 * Level 6.2 Ranged Weapons
 - Level 1.7 Dodging
 - Level 0.8 Stealth


You had 2 spell levels left.
You knew the following spells:

 Your Spells              Type           Power      Damage    Failure   Level
z - Portal Projectile     Hex/Tloc       0%         N/A       80%         3

Your spell library contained the following spells:

 Spells                   Type           Power      Damage    Failure   Level
 Sting                    Tmut/Pois      0%         1d3       41%         1
 Poisonous Vapours        Pois/Air       0%         N/A       56%         2
 Call Canine Familiar     Summ           0%         N/A       80%         3
 Leda's Liquefaction      Hex/Erth       0%         N/A       99%         4
 Olgreb's Toxic Radiance  Pois           0%         N/A       99%         4

Inventory:

Hand Weapons
 a - a +0 shortbow (weapon)
 y - a +0 sling of freezing
Armour
 c - a +0 leather armour (worn)
 f - a +0 pair of boots (worn)
Jewellery
 q - a ring of resist corrosion (right hand)
 s - a ring of flight (left hand)
Scrolls
 b - a scroll of immolation {!r}
 d - 4 scrolls of fog {unknown}
 e - 7 scrolls of identify {unknown}
 i - a scroll of enchant weapon {unknown}
 k - 4 scrolls of teleportation {unknown}
 l - a scroll of brand weapon {unknown}
 m - 2 scrolls of noise {unknown}
 o - a scroll of blinking {unknown}
 r - a scroll of fear {unknown}
 u - 3 scrolls of poison {unknown}
 v - 2 scrolls of amnesia {unknown}
 w - a scroll of enchant armour {unknown}
Potions
 g - 2 potions of resistance {unknown}
 h - a potion of curing {unknown}
 j - 2 potions of might {unknown}
 n - 4 potions of brilliance {unknown}
 p - a potion of degeneration {unknown}
 t - a potion of heal wounds {unknown}
 x - a potion of magic {unknown}

Dungeon Overview and Level Annotations

Branches:
Dungeon (5/15)
 Temple: D:4-7

Annotations:
D:5 exclusions: gnoll and water moccasin

..▒...▒..▒.▒▒▒▒...............▒▒.
.........▒.▒▒.................▒▒.
▒▒▒▒▒▒▒▒▒▒.▒...▒▒▒▒▒▒▒▒▒▒.....▒▒▒
.▒'▒.......▒▒▒▒l..▒▒▒▒ ▒.......▒
.▒.▒....▒▒▒▒.........▒▒▒▒▒▒▒▒▒▒.▒
▒▒.▒..▒▒▒...▒▒▒...▒▒▒...▒▒▒▒ ▒▒..
...▒▒▒.........▒▒▒.........▒▒▒...
▒▒▒...▒▒▒...▒▒▒...▒▒▒...▒▒▒...▒▒▒
.........▒▒▒.[.op....▒▒▒.........
▒▒▒...▒▒▒...▒▒▒...▒▒▒...▒▒▒...▒▒▒
...▒▒▒.........▒▒▒.........▒▒▒...
....▒.▒▒▒...▒▒▒...▒▒▒...▒▒▒.▒....
...▒.....▒▒▒.........▒▒▒...▒.....
...▒......▒.▒▒▒...▒▒▒.▒....▒....▒
...▒.....▒.....▒▒▒...▒.....▒...▒▒
▒.▒......▒..[...▒....▒....▒.▒▒▒.▒
.▒▒▒.....▒.....▒.....▒...▒▒▒...▒.


You could see an orc warrior.


Message History

You shoot an arrow.
The arrow hits the orc warrior but does no damage.
The orc warrior is moderately wounded.
An orc comes into view. It is wielding a +0 short sword.
The orc warrior hits you with a +0 scimitar!
You fly upwards.
There is a stone staircase leading down here.
Unknown command.
You shoot an arrow. The arrow hits the orc warrior.
The orc warrior is moderately wounded.
The orc warrior hits you with a +0 scimitar!
* * * LOW HITPOINT WARNING * * *
You shoot an arrow.
The arrow hits the orc warrior but does no damage.
The orc warrior is moderately wounded.
The orc warrior hits you with a +0 scimitar!
* * * LOW HITPOINT WARNING * * *
The orc warrior hits you with a +0 scimitar!
* * * LOW HITPOINT WARNING * * *
You shoot an arrow. The arrow hits the orc warrior!
The orc warrior is severely wounded.
The orc warrior hits you with a +0 scimitar.
* * * LOW HITPOINT WARNING * * *
You shoot an arrow. The arrow hits the orc warrior.
The orc warrior is severely wounded.
The orc warrior hits you with a +0 scimitar!
You die...

Action                     |  1- 3 |  4- 6 || total
---------------------------+-------+-------++-------
   Fire: Shortbow          |   124 |   124 ||   248
 Armour: Leather armour    |    13 |    11 ||    24
  Dodge: Dodged            |    25 |    42 ||    67

Levels and vault maps discovered:
D:1:      dpeg_arrival_concentric_ovals, layout_loops_ring,
          chequers_ecumenical_altar_simple_redux
D:2:      layout_basic
D:3:      layout_basic, patterned_corridor
D:4:      nicolae_BIG_FREAKIN_CUBE, layout_basic, lemuel_coloured_pillars_altar,
          hangedman_decor_peaks_small
D:5:      layout_cave_pods, nicolae_ossuary_entry_plus,
          minmay_fractal_squares_diagonal_5

Notes
Turn   | Place    | Note
-------+----------+-------------------------------------------
     0 | D:1      | sanka the Demigod Hunter began the quest for the Orb.
     0 | D:1      | Reached XP level 1. HP: 17/17 MP: 3/3
    96 | D:1      | Reached skill level 2 in Fighting
   293 | D:1      | Reached XP level 2. HP: 25/25 MP: 4/4
   329 | D:1      | Reached skill level 3 in Fighting
   660 | D:1      | Reached XP level 3. HP: 25/31 MP: 5/5
   911 | D:2      | Reached skill level 4 in Ranged Weapons
  1190 | D:2      | Reached XP level 4. HP: 38/38 MP: 6/6
  1547 | D:3      | Identified the +0 whip of Bespelling Death {protect, Drain
                  | rPois rCorr}
  1642 | D:3      | Learned a level 3 spell: Portal Projectile
  2382 | D:4      | Reached skill level 5 in Ranged Weapons
  2382 | D:4      | Reached XP level 5. HP: 25/46 MP: 7/7
  2791 | D:4      | Reached skill level 4 in Fighting
  3414 | D:5      | Entered Level 5 of the Dungeon
  3456 | D:5      | Reached XP level 6. HP: 45/53 MP: 8/8
  3486 | D:5      | Reached skill level 6 in Ranged Weapons
  3486 | D:5      | Noticed a water moccasin
  3654 | D:4      | Mangled by an orc warrior

Vanquished Creatures
  An ogre (D:5)
  2 scorpions
  A necrophage (D:4)
  2 hounds
  An iguana (D:4)
  4 gnolls (D:2)
  An adder (D:3)
  A worm (D:2)
  2 dart slugs
  2 orcs (D:4)
  14 endoplasms
  6 giant cockroaches
  3 goblins
  6 hobgoblins
  8 jackals (D:1)
  2 quokkas
  5 ball pythons
  6 bats
  7 frilled lizards
  2 kobolds
  8 rats
84 creatures vanquished.
